Map: Terraform LE (Void)

Players

Literally

  • Race: Terran Terran
  • League: Gold

Javert - Winner!

  • Race: Zerg Zerg
  • League: Gold

VOD

Have the link to the VOD?

Description

Time

  • Played on: Sept. 14, 2015, 8:54 p.m.
  • Length: 14:15
Show
View Real Time Build Order
Export as new Build Order

Literally Terran 

Build Orders: Liberator Opening, Reaper Expand, Bio Tank 

Get SALT Encoding   

  12  0:01  SCV  
  13  0:13  SCV  
  14  0:18  Supply Depot  
  14  0:25  SCV  
  15  0:40  SCV  
  15  0:42  Barracks  
  16  0:47  Refinery  
  16  0:52  SCV  
  17  1:04  SCV  
  18  1:17  SCV  
  19  1:30  Reaper, Orbital Command  
  20  1:39  Command Center  
  20  1:47  Refinery  
  20  1:56  SCV  
  20  1:57  Supply Depot  
  21  2:05  Marine  
  21  2:08  SCV  
  23  2:23  Marine  
  23  2:24  SCV  
  23  2:25  Factory  
  25  2:36  SCV  
  26  2:41  Marine  
  27  2:53  Orbital Command  
  27  2:54  Bunker  
  27  2:58  Marine  
  28  3:06  SCV  
  29  3:16  Marine  
  30  3:28  SCV x2  
  30  3:30  Starport  
  30  3:31  Factory Reactor  
  32  3:40  SCV x2  
  34  3:52  SCV  
  34  3:53  SCV  
  35  3:56  Armory  
  35  3:59  Liberator x2  
  35  4:04  SCV  
  35  4:05  SCV, Supply Depot  
  35  4:08  Supply Depot  
  37  4:15  Barracks Tech Lab  
  37  4:16  SCV  
  44  4:21  Factory Tech Lab  
  44  4:23  SCV  
  45  4:28  SCV  
  46  4:34  Marine  
  46  4:35  SCV  
  48  4:40  SCV, Siege Tank  
  48  4:44  Refinery  
  52  4:46  Refinery  
  52  4:47  SCV, Stimpack  
  52  4:52  SCV, Barracks, Marine  
  54  4:54  Barracks  
  54  4:59  SCV  
  56  5:04  SCV  
  57  5:11  SCV  
  57  5:14  Siege Tank  
  61  5:15  Marine  
  62  5:42  SCV, Viking  
  62  6:01  Barracks Reactor  
  62  6:02  Barracks Reactor  
  62  6:06  SCV x2, Medivac, Siege Tank, Marine  
  62  6:10  Supply Depot x2  
  70  6:18  SCV x2  
  72  6:19  Command Center  
  72  6:32  Marine  
  72  6:38  Siege Tank  
  76  6:40  SCV x2  
  76  6:44  Marine x3  
  76  6:45  Marine  
  82  6:50  Marine  
  82  6:52  SCV x2  
  85  7:02  Marine  
  85  7:03  Marine  
  85  7:04  Marine x2  
  85  7:08  Marine  
  86  7:09  Medivac x2  
  86  7:10  Siege Tank  
  86  7:11  Supply Depot x2  
  94  7:33  Marine x4  
  94  7:34  Marine  
  99  7:39  Medivac x2  
  99  7:41  Engineering Bay, Terran Vehicle Weapons Level 1  
  99  7:42  Combat Shields, Engineering Bay  
  103  7:45  Siege Tank  
  103  7:48  Starport  
  106  7:51  Marine x5  
  111  8:06  Barracks  
  111  8:09  Barracks, Marine x5  
  111  8:12  Barracks  
  112  8:14  Barracks  
  100  8:25  Siege Tank  
  100  8:27  Marine x5  
  108  8:35  Liberator x2  
  108  8:50  Marine x2  
  108  8:51  Marine x3  
  108  8:53  Starport Tech Lab  
  119  8:57  Siege Tank  
  122  9:08  Marine  
  123  9:22  Marine x3  
  124  9:25  Barracks Tech Lab x2  
  124  9:26  Barracks Reactor  
  124  9:28  Marine  
  123  9:33  Siege Tank  
  123  9:35  Barracks Tech Lab  
  115  9:44  Liberator  
  114  9:45  Liberator  
  114  10:03  Raven  
  114  10:05  Siege Tank  
  110  10:24  Marine x4  
  110  10:25  Marine x2  
  110  10:26  Marauder x4  
  124  10:42  Marine  
  125  10:46  Planetary Fortress  
  125  10:50  Terran Infantry Weapons Level 1, Terran Infantry Armor Level 1  
  125  10:55  Liberator  
  125  11:10  Supply Depot  
  125  11:11  Supply Depot, Marauder, Siege Tank, SCV x2, Marine x7  
  133  11:12  Marine, Marauder  
  133  11:16  Refinery  
  133  11:17  Refinery  
  140  11:25  SCV x3  
  141  11:29  Marine x4  
  141  11:30  Marine  
  141  11:31  Liberator  
  139  11:33  Marauder x2  
  139  11:36  Marine x2  
  139  11:37  SCV x3  
  131  11:43  Siege Tank  
  131  11:45  Marine  
  131  11:46  Marine  
  118  11:47  Marauder, Marine x2  
  118  11:49  Marauder  
  118  11:51  Liberator x2  
  111  11:54  Marauder, Marine  
  111  11:55  Marauder  
  106  12:06  Marine x5  
  94  12:08  Marine  
  94  12:09  Marine  
  94  12:12  Marine  
  94  12:14  Liberator  
  94  12:15  Marine x2  
  96  12:22  Missile Turret  
  88  12:24  Marine x5  
  88  12:25  Missile Turret  
  88  12:26  SCV x3, Marine  
  88  12:27  Marine  
  88  12:29  Marine  
  92  12:33  Marine x2  
  89  12:38  SCV x3  
  79  12:55  Marine  
  79  12:56  Marine x4  
  79  12:57  Liberator  
  76  13:05  Marine  
  69  13:09  Marine x3  
  69  13:12  Siege Tank  
  74  13:13  Marine x3  
  74  13:16  Marine  
  78  13:23  Marine  
  78  13:27  Marine  
Show
View Real Time Build Order
Export as new Build Order

Javert Zerg - Winner!

Build Orders: Hatch First 

Get SALT Encoding   

  12  0:03  Drone  
  13  0:13  Overlord  
  13  0:26  Drone  
  14  0:35  Drone  
  15  0:38  Drone  
  16  0:52  Hatchery  
  16  0:53  Drone  
  16  0:58  Drone  
  16  1:00  Extractor  
  16  1:08  Drone  
  17  1:20  Spawning Pool  
  17  1:23  Drone  
  17  1:29  Drone  
  18  1:40  Drone  
  19  1:51  Drone  
  20  2:03  Drone  
  20  2:07  Metabolic Boost  
  20  2:08  Queen x2  
  25  2:10  Overlord  
  25  2:13  Zergling x2  
  26  2:23  Zergling x4  
  26  2:29  Drone  
  29  2:44  Zergling x4  
  31  2:52  Drone x2  
  33  3:01  Overlord  
  33  3:05  Hatchery, Drone  
  33  3:08  Queen  
  32  3:31  Drone x7  
  32  3:32  Drone  
  40  3:36  Overlord  
  40  3:45  Drone  
  40  3:46  Drone  
  42  3:55  Overlord  
  42  3:58  Roach Warren  
  42  3:59  Drone x3  
  42  4:00  Drone, Extractor  
  44  4:06  Queen  
  46  4:12  Overlord  
  46  4:21  Drone x6  
  52  4:28  Overlord  
  52  4:32  Extractor  
  52  4:37  Zergling x14  
  58  4:43  Lair  
  58  4:50  Drone x4  
  62  5:03  Evolution Chamber, Drone x6  
  62  5:04  Drone  
  68  5:15  Overlord x2  
  67  5:22  Overlord  
  67  5:24  Drone  
  67  5:25  Drone x6, Extractor  
  73  5:29  Spore Crawler  
  73  5:35  Spore Crawler  
  71  5:42  Queen  
  62  6:07  Spore Crawler  
  61  6:17  Drone x6  
  67  6:20  Spire  
  67  6:21  Overlord x2  
  67  6:24  Extractor  
  65  6:27  Queen  
  65  6:36  Zerg Missile Weapons Level 1, Glial Reconstitution  
  65  6:42  Drone  
  65  6:43  Drone x5  
  71  6:48  Extractor  
  71  6:50  Spore Crawler x2  
  65  7:12  Roach x5  
  65  7:13  Roach x10  
  95  7:30  Drone x2  
  95  7:31  Drone x4  
  95  7:33  Queen  
  95  7:36  Hatchery  
  102  7:37  Roach  
  102  7:38  Roach  
  106  7:44  Overlord x3  
  106  7:45  Evolution Chamber  
  105  7:52  Burrow  
  105  7:54  Overlord  
  85  8:23  Roach  
  85  8:24  Roach x13  
  113  8:34  Zerg Missile Weapons Level 2, Zerg Ground Armor Level 1  
  113  8:40  Ravager x3  
  116  8:46  Roach x6  
  128  8:58  Roach x4  
  128  8:59  Roach x3  
  128  9:02  Drone  
  143  9:08  Overlord x3  
  143  9:16  Hydralisk Den  
  136  9:49  Roach x6  
  136  9:50  Roach x9  
  166  9:56  Muscular Augments  
  166  9:57  Overlord x3  
  166  9:59  Overlord x2  
  166  10:04  Mutalisk  
  138  10:37  Mutalisk  
  138  10:38  Mutalisk x16  
  166  10:45  Ravager x2  
  168  10:52  Roach x30  
  168  10:59  Overlord x2  
  168  11:00  Drone x3  
  168  11:01  Drone, Zerg Ground Armor Level 2  
  125  11:49  Roach  
  125  11:50  Roach x10  
  125  11:51  Roach x12  
  149  12:20  Roach x9  
  149  12:21  Roach x6  
  179  12:45  Roach  
  179  12:46  Roach x9  
  195  12:57  Hydralisk x4  
  195  12:58  Hydralisk x3  
  165  13:25  Mutalisk x3  
  165  13:26  Mutalisk x4  
  173  14:11  Extractor  
  173  14:12  Hatchery  
Tags
 
Add a new tag
Caveats
  • Supply blocks, unpowered buildings, or Contaminate may cause inaccurate times.
  • Supply counts are checked every 10 seconds.